 Dungeon Sprint DCSS version 0.26-a0-695-g987792ac36 (webtiles) character file.

Game seed: 13517884518436679655

115 sahdkjhfkaj the Gusty (level 5, -5/41 HPs)
             Began as a Gnoll Air Elementalist on Oct 26, 2020.
             Was an Initiate of Sif Muna.
             Killed from afar by a gargoyle (30 damage)
             ... with a stone arrow
             ... in the Dungeon (Sprint IX: "|||||||||||||||||||||||||||||").
             The game lasted 00:01:27 (452 turns).

sahdkjhfkaj the Gusty (Gnoll Air Elementalist)       Turns: 452, Time: 00:01:28

Health: -5/41      AC:  4    Str: 10    XL:     5   Next: 0%
Magic:  2/13       EV: 16    Int: 22    God:    Sif Muna [......]
Gold:   0          SH:  0    Dex: 18    Spells: 9/15 levels left

rFire    . . .     SeeInvis .   l - +2 scimitar (flame)
rCold    . . .     Faith    .   (no shield)
rNeg     . . .     Spirit   .   a - +0 robe
rPois    .         Reflect  .   m - +0 helmet
rElec    .         Harm     .   (no cloak)
rCorr    .         Rampage  .   n - +0 pair of gloves
MR       .....     NoTele   +   (no boots)
Stlth    +++.......             (no amulet)
HPRegen  0.13/turn              p - +3 ring of intelligence
MPRegen  0.13/turn              o - +3 ring of dexterity

@: no status effects
A: distributed training, fangs 1, strong nose
a: Renounce Religion


You were in the Dungeon.
You worshipped Sif Muna.
Sif Muna was noncommittal.
You visited 1 branch

Inventory:

Hand Weapons
 l - a +2 scimitar of flaming (weapon)
Armour
 a - a +0 robe (worn)
 m - a +0 helmet (worn)
 n - a +0 pair of gloves (worn)
Jewellery
 o - a +3 ring of dexterity (right hand)
 p - a +3 ring of intelligence (left hand)
Wands
 k - a wand of iceblast (10)
Scrolls
 h - 2 scrolls of blinking {!r}
 i - 3 scrolls of remove curse {!r}
 j - 2 scrolls of amnesia {!r}
Potions
 b - a potion of invisibility {!q}
 c - 5 potions of curing {!q}
 d - 3 potions of heal wounds {!q}
 e - a potion of haste {!q}
 f - 4 potions of magic {!q}
 g - a potion of berserk rage {!q}


   Skills:
 + Level 3.1 Fighting
 + Level 3.1 Short Blades
 + Level 3.1 Long Blades
 + Level 3.1 Axes
 + Level 3.1 Maces & Flails
 + Level 3.1 Polearms
 + Level 3.1 Staves
 + Level 3.1 Slings
 + Level 3.1 Bows
 + Level 3.1 Crossbows
 + Level 3.1 Throwing
 + Level 3.1 Armour
 + Level 5.6 Dodging
 + Level 5.2 Stealth
 + Level 3.1 Shields
 + Level 3.1 Unarmed Combat
 + Level 5.9 Spellcasting
 + Level 3.3 Conjurations
 + Level 2.5 Hexes
 + Level 2.5 Summonings
 + Level 2.5 Necromancy
 + Level 2.5 Translocations
 + Level 2.5 Transmutations
 + Level 2.5 Fire Magic
 + Level 2.5 Ice Magic
 + Level 6.0 Air Magic
 + Level 2.5 Earth Magic
 + Level 2.5 Poison Magic
 + Level 3.4 Invocations
 + Level 3.1 Evocations


You had 9 spell levels left.
You knew the following spells:

 Your Spells              Type           Power        Failure   Level
a - Shock                 Conj/Air       ####         1%          1
S - Static Discharge      Conj/Air       ####....     4%          3
W - Swiftness             Air            ####....     1%          2

Your spell library contained the following spells:

 Spells                   Type           Power        Failure   Level
 Airstrike                Air            ####......   8%          4
 Lightning Bolt           Conj/Air       ####......   36%         5


Dungeon Overview and Level Annotations

Branches:
Dungeon (1/1)

Altars:
Cheibriados
Dithmenos
Elyvilon
Fedhas
Gozag
Hepliaklqana
Kikubaaqudgha
Makhleb
Nemelex Xobeh
Okawaru
Qazlal
Ru
Sif Muna
Trog
Uskayaw
Vehumet
Wu Jian
Xom
Yredelemnul
Zin
The Shining One
Beogh
Jiyva
Lugonu


Innate Abilities, Weirdness & Mutations

Your experience applies equally to all skills.
You have very sharp teeth.
Your uncanny sense of smell can sniff out nearby items.


Message History

Your Evocations skill increases to level 3!
You have reached level 4!
You feel clever.
You have reached level 5!
The zap hits the gargoyle but does no damage.
The gargoyle is lightly damaged.
The zap hits the howler monkey!
The howler monkey is severely wounded.
The zap hits the howler monkey.
The howler monkey is lightly wounded.
The zap misses the hornet.
The zap hits the two-headed ogre.
The two-headed ogre is lightly wounded.
Unknown command.
Unknown command.
You see here a +1 scale mail.
The howler monkey hoots and howls with incredible vigour!
The gargoyle hurls a stone arrow at you.
The stone arrow hits you!!
Ouch! That really hurt!
You die...

▓.▓
∆
▓O▓
▓y▓
∆
▓h▓
∆
▓'▓
∆
▓h▓
∆
▓9▓
▓[▓
▓@▓
▓.▓
▓.▓
▓)▓
▓.▓
▓.▓
▓'▓
▓_▓
▓_▓


You could see a two-headed ogre, a hornet, a gargoyle and 2 howler monkeys.

Vanquished Creatures
  A bullfrog (D)
  An iguana (D)
  A gnoll (D)
  2 oozes (D)
  A bat skeleton (D)
  A bat zombie (D)
  A goblin (D)
  2 kobolds (D)
  A leopard gecko zombie (D)
11 creatures vanquished.

Notes
Turn   | Place    | Note
-------+----------+-------------------------------------------
     0 | D        | sahdkjhfkaj the Gnoll Air Elementalist began the quest for
                  | the Orb.
     0 | D        | Reached XP level 1. HP: 13/13 MP: 6/6
     5 | D        | Reached skill level 1 in Fighting
     5 | D        | Reached skill level 1 in Short Blades
     5 | D        | Reached skill level 1 in Long Blades
     5 | D        | Reached skill level 1 in Axes
     5 | D        | Reached skill level 1 in Maces & Flails
     5 | D        | Reached skill level 1 in Polearms
     5 | D        | Reached skill level 1 in Staves
     5 | D        | Reached skill level 1 in Slings
     5 | D        | Reached skill level 1 in Bows
     5 | D        | Reached skill level 1 in Crossbows
     5 | D        | Reached skill level 1 in Throwing
     5 | D        | Reached skill level 1 in Armour
     5 | D        | Reached skill level 1 in Shields
     5 | D        | Reached skill level 1 in Unarmed Combat
     5 | D        | Reached skill level 5 in Spellcasting
     5 | D        | Reached skill level 1 in Invocations
     5 | D        | Reached skill level 1 in Evocations
     5 | D        | Reached XP level 2. HP: 21/21 MP: 6/8
     7 | D        | Reached skill level 1 in Hexes
     7 | D        | Reached skill level 1 in Summonings
     7 | D        | Reached skill level 1 in Necromancy
     7 | D        | Reached skill level 1 in Translocations
     7 | D        | Reached skill level 1 in Transmutations
     7 | D        | Reached skill level 1 in Fire Magic
     7 | D        | Reached skill level 1 in Ice Magic
     7 | D        | Reached skill level 1 in Earth Magic
     7 | D        | Reached skill level 1 in Poison Magic
    45 | D        | Learned a level 2 spell: Swiftness
    55 | D        | Reached XP level 3. HP: 27/27 MP: 3/9
    74 | D        | Reached skill level 5 in Dodging
   380 | D        | Found a roughly hewn altar of Beogh.
   380 | D        | Found a snail-covered altar of Cheibriados.
   380 | D        | Found a shadowy altar of Dithmenos.
   380 | D        | Found a white marble altar of Elyvilon.
   380 | D        | Found a blossoming altar of Fedhas.
   380 | D        | Found an opulent altar of Gozag.
   381 | D        | Found a hazy altar of Hepliaklqana.
   382 | D        | Found a viscous altar of Jiyva.
   383 | D        | Found an ancient bone altar of Kikubaaqudgha.
   384 | D        | Found a corrupted altar of Lugonu.
   385 | D        | Found a burning altar of Makhleb.
   386 | D        | Found a sparkling altar of Nemelex Xobeh.
   387 | D        | Found an iron altar of Okawaru.
   388 | D        | Found a stormy altar of Qazlal.
   389 | D        | Found a sacrificial altar of Ru.
   390 | D        | Found a shimmering blue altar of Sif Muna.
   391 | D        | Found a bloodstained altar of Trog.
   392 | D        | Found a hide-covered altar of Uskayaw.
   393 | D        | Found a radiant altar of Vehumet.
   394 | D        | Found an ornate altar of the Wu Jian Council.
   395 | D        | Found a shimmering altar of Xom.
   396 | D        | Found a basalt altar of Yredelemnul.
   397 | D        | Found a glowing silver altar of Zin.
   398 | D        | Became a worshipper of Sif Muna the Loreminder
   399 | D        | Found a glowing golden altar of the Shining One.
   439 | D        | Noticed a two-headed ogre
   439 | D        | Noticed a hornet
   439 | D        | Noticed a gargoyle
   439 | D        | Noticed a bullfrog
   445 | D        | Learned a level 3 spell: Static Discharge
   449 | D        | Killed a bullfrog
   449 | D        | Reached skill level 5 in Stealth
   449 | D        | Reached skill level 6 in Air Magic
   449 | D        | Reached XP level 4. HP: 21/35 MP: 2/11
   449 | D        | Reached XP level 5. HP: 24/41 MP: 2/13
   452 | D        | Killed from afar by a gargoyle

Illustrated notes

Levels and vault maps discovered:
D:        linesprint [early_d, line_temple, items_1, d_10, items_2, lair_1,
          lair_end, items_3, orc_1, orc_end, items_4, d_15, swamp_1, shoals_1,
          snake_1, spider_1, d_20, vaults_1, items_5, swamp_end, shoals_end,
          snake_end, spider_end, vaults_end, d_27, items_6, zot_1, zot_end,
          crypt_end, forest_end, elf_end, slime_end, tomb_end, abyss_end,
          pan_hell_end]

Skill      XL: |  1  2  3 |
---------------+----------+-----
Conjurations   | 2 3 |  3.3
Fighting       | 1 3 |  3.1
Short Blades   | 1 3 |  3.1
Long Blades    | 1 3 |  3.1
Axes           | 1 3 |  3.1
Maces & Flails | 1 3 |  3.1
Polearms       | 1 3 |  3.1
Staves         | 1 3 |  3.1
Slings         | 1 3 |  3.1
Bows           | 1 3 |  3.1
Crossbows      | 1 3 |  3.1
Throwing       | 1 3 |  3.1
Armour         | 1 3 |  3.1
Shields        | 1 3 |  3.1
Unarmed Combat | 1 3 |  3.1
Spellcasting   | 5 |  5.9
Invocations    | 1 2 3 |  3.4
Evocations     | 1 3 |  3.1
Hexes          | 1 2 |  2.5
Summonings     | 1 2 |  2.5
Necromancy     | 1 2 |  2.5
Translocations | 1 2 |  2.5
Transmutations | 1 2 |  2.5
Fire Magic     | 1 2 |  2.5
Ice Magic      | 1 2 |  2.5
Earth Magic    | 1 2 |  2.5
Poison Magic   | 1 2 |  2.5
Dodging        | 5 |  5.6
Stealth        | 5 |  5.2
Air Magic      | 6 |  6.0

Action                   |  1- 3 |  4- 6 || total
-------------------------+-------+-------++-------
Melee: Unarmed           |     7 |       ||     7
       Bite              |     2 |       ||     2
 Cast: Shock             |    14 |     1 ||    15
       Static Discharge  |     2 |       ||     2
Armor: Robe              |     2 |       ||     2
Dodge: Dodged            |    13 |       ||    13
       Rpst.: Scimitar   |     2 |       ||     2

Table legend: (Time is in decaauts)
 A = Elapsed time spent in this place.
 B = Non-inter-level travel time spent in this place.
 C = Inter-level travel time spent in this place.
 D = Time resting spent in this place.
 E = Time spent auto-exploring this place.
 F = Levels seen in this place.
 G = Mean time per level.
                   A        B        C        D        E       F      G
               +--------+--------+--------+--------+--------+-----+--------+
         Total |    450 |    450 |      0 |    326 |      0 |   1 |  450.0 |
       Dungeon |    450 |    450 |      0 |    326 |      0 |   1 |  450.0 |
               +--------+--------+--------+--------+--------+-----+--------+

Top non-repeatable levels by time:
       D: 450 daAuts
